AoeStats
← Ignaciorto

Arabia

505382056Analyzed
1v1 RM · 25d ago on Sep 9, 2026· 47m 28s· 2 players
Game mode
Random Map
Map size
Tiny (2 player)
Population
200
Speed
Normal
Resources
Standard
Victory
Conquest
Starting age
Dark Age
Ending age
Imperial Age
RankedLock teamsTeams togetherTeam positionsShared explorationLock speedFull tech treeHidden civsTurbo modeCheats
Victory
Defeat
🇨🇱 Maya · Chile
885
+17
🇦🇷 Inca · Argentina
911
-48
CapitanArcher'
6:42 Loom
9:52 Feudal Age
10:53 Double-Bit Axe
10:54 Horse Collar
20:49 Castle Age
18:52 Gold Mining
21:58 Thumb Ring
21:15 Crossbowman
24:38 Ballistics
24:17 Fletching
25:36 Padded Archer Armor
27:25 Town Watch
28:48 Leather Archer Armor
31:52 Bodkin Arrow
32:37 Wheelbarrow
33:37 Stone Mining
40:17 Imperial Age
41:00 Arbalester
42:43 Chemistry
41:47 Bracer
42:24 Ring Archer Armor
42:12 Hand Cart
43:49 Conscription
43:36 Town Patrol
45:26 Masonry
45:44 Bow Saw
46:10 Stone Shaft Mining
45:36 Heavy Plow
Ignaciorto
15:25 Feudal Age
15:49 Horse Collar
16:30 Double-Bit Axe
18:45 Loom
20:18 Scale Mail Armor
20:31 Forging
24:55 Castle Age
25:14 Elite Skirmisher
29:49 Padded Archer Armor
29:40 Fletching
31:22 Leather Archer Armor
34:25 Champi Runner
39:19 Champi Warrior
41:30 Bodkin Arrow
Connection lost

Rejoining the realm…

Still unreachable

The connection could not be restored.

Session expired

The server has moved on; the page needs a fresh start.